 Dungeon Sprint DCSS version 0.30-a0-737-gf23d94013f (webtiles) character file.

Game seed: 1617702901197253706

238 BigDaddyOpFi the Blocker (level 9, -8/71 HPs)
             Began as an Octopode Fighter on Feb 1, 2023.
             Was a High Priest of Qazlal.
             Shot with an arrow by a naga sharpshooter (21 damage)
             ... in the Dungeon (Sprint VI: "Thunderdome").
             The game lasted 00:03:34 (707 turns).

BigDaddyOpFi the Blocker (Octopode Fighter)          Turns: 707, Time: 00:03:34

Health: -8/71      AC:  1    Str: 25    XL:     9   Next: 36%
Magic:  21/21      EV: 20    Int: 21    God:    Qazlal [*****.]
Gold:   195        SH: 13    Dex: 20    Spells: 8/8 levels left

rFire   + + .      SeeInvis +    a - +0 war axe
rCold   . . .      Faith    .    b - +0 buckler
rNeg    + + +      Spirit   .    (helmet restricted)
rPois   .          Reflect  .    q - amulet "Ydghunoatz" {Acrobat Int+2}
rElec   +          Harm     .    n - ring of Uwis {rN+ MP+9 Int+3}
rCorr   +          Rampage  .    o - ring "Rogiseim" {Drain rN+ rCorr Dex+5 Stlth+}
Will    .....      NoTele   +    p - ring of Sezoseun {Contam Str+5 Int+6 SInv}
Stlth   ++                       h - ring of Happiness {Drain rF+ Dex+4}
HPRegen 0.31/turn                r - ring of the Harvest {rCorr Slay+2}
MPRegen 0.17/turn                d - ring "Yckik" {Fly rN+}
                                 s - ring of Truth {rF+ rN+ rCorr Slay+2}
                                 (no ring)

@: protected from electricity, flying, repel missiles
A: almost no armour, amphibious, 8 rings, camouflage 1, gelatinous body 1,
(nimble swimmer 1), tentacles
a: Renounce Religion, Upheaval, Elemental Force, Disaster Area


You were in the Dungeon.
You worshipped Qazlal.
Qazlal was extremely pleased with you.
You visited 1 branch You collected 600 gold pieces.
You spent 405 gold pieces at shops.

Inventory:

Hand Weapons
 a - a +0 war axe (weapon)
Armour
 b - a +0 buckler (worn)
Jewellery
 d - the ring "Yckik" (on tentacle) {Fly rN+}
   (You bought it in a shop in the Dungeon)

   [ring of positive energy]

   rN:        It protects you from negative energy.
   Fly:       It grants you flight.
 e - the ring "Garchy" {rC++ rN+ Str-5 Int+3}
   (You bought it in a shop in the Dungeon)

   [ring of positive energy]

   Str:       It affects your strength (-5).
   Int:       It affects your intelligence (+3).
   rC:        It greatly protects you from cold.
   rN:        It protects you from negative energy.
 h - the ring of Happiness (on tentacle) {Drain rF+ Dex+4}
   (You bought it in a shop in the Dungeon)

   [ring of protection from fire]

   Dex:       It affects your dexterity (+4).
   rF:        It protects you from fire.
   Drain:     It drains your maximum health when unequipped.
 n - the ring of Uwis (left tentacle) {rN+ MP+9 Int+3}
   (You bought it in a shop in the Dungeon)

   [ring of magical power]

   Int:       It affects your intelligence (+3).
   rN:        It protects you from negative energy.
   MP:        It affects your magic capacity (+9).
 o - the ring "Rogiseim" (right tentacle) {Drain rN+ rCorr Dex+5 Stlth+}
   (You bought it in a shop in the Dungeon)

   [ring of resist corrosion]

   Dex:       It affects your dexterity (+5).
   rN:        It protects you from negative energy.
   rCorr:     It protects you from acid and corrosion.
   Drain:     It drains your maximum health when unequipped.
   Stlth:     It makes you more stealthy.
 p - the ring of Sezoseun (on tentacle) {Contam Str+5 Int+6 SInv}
   (You bought it in a shop in the Dungeon)

   [ring of intelligence]

   Str:       It affects your strength (+5).
   Int:       It affects your intelligence (+6).
   SInv:      It lets you see invisible.
   Contam:    It causes magical contamination when unequipped.
 q - the amulet "Ydghunoatz" (around mantle) {Acrobat Int+2}
   (You bought it in a shop in the Dungeon)

   [amulet of the acrobat]

   It increases your evasion while moving and waiting.
   Int:       It affects your intelligence (+2).
 r - the ring of the Harvest (on tentacle) {rCorr Slay+2}
   (You bought it in a shop in the Dungeon)

   [ring of resist corrosion]

   Slay:      It affects your accuracy & damage with ranged weapons and melee
   (+2).
   rCorr:     It protects you from acid and corrosion.
 s - the ring of Truth (on tentacle) {rF+ rN+ rCorr Slay+2}
   (You bought it in a shop in the Dungeon)

   [ring of positive energy]

   Slay:      It affects your accuracy & damage with ranged weapons and melee
   (+2).
   rF:        It protects you from fire.
   rN:        It protects you from negative energy.
   rCorr:     It protects you from acid and corrosion.
Wands
 k - a wand of quicksilver (1) (quivered)
 l - a wand of roots (5)
Scrolls
 i - 2 scrolls of blinking
 m - 3 scrolls of fog
Potions
 c - a potion of might
 f - 4 potions of haste
 g - 2 potions of magic
 j - a potion of resistance


   Skills:
 + Level 10.8 Fighting
 + Level 10.5 Axes
 + Level 10.8 Dodging
 + Level 10.8 Shields
 + Level 4.2 Invocations


You had 8 spell levels left.
You didn't know any spells.
Your spell library was empty.

Dungeon Overview and Level Annotations

Branches:
Dungeon (1/1)

Altars:
Cheibriados
Dithmenos
Fedhas
Gozag
Kikubaaqudgha
Makhleb
Okawaru
Qazlal
Ru
Sif Muna
Trog
Uskayaw
Vehumet
Wu Jian
Xom
Yredelemnul
Zin
The Shining One
Lugonu

Shops:
D *[??*?*:[((!!!!


Innate Abilities, Weirdness & Mutations

You cannot wear most types of armour.
You are amphibious.
You can wear up to eight rings at the same time.
Your skin changes colour to match your surroundings (Stealth+).
Your rubbery body absorbs attacks. (AC +1, EV +1)
((You are camouflaged when in or above water. (Stealth+)))
You have tentacles for arms and can constrict up to eight enemies at once.


Message History

The shock serpent shoots out a bolt of lightning at you!
The bolt of electricity is repelled.
The shock serpent's electric aura discharges, shocking you!
You resist.
You feel more protected from electricity.
The naga mage casts a spell.
The naga mage seems to speed up.
You barely miss the shock serpent. You grab the shock serpent.
The shock serpent is moderately wounded.
You constrict the shock serpent.
The shock serpent is engulfed in freezing vapours.
The shock serpent seems to slow down.
The shock serpent completely misses you.
The naga sharpshooter shoots an arrow.
You block the arrow.
The naga mage points at the naga sharpshooter and mumbles some strange words.
The naga sharpshooter seems to grow toxic.
The shock serpent is engulfed in freezing vapours.
The shock serpent seems to slow down.
The shock serpent shoots out a bolt of lightning at you!
The bolt of electricity hits you! You resist.
* * * LOW HITPOINT WARNING * * *
The shock serpent's electric aura discharges, shocking you!
You resist.
* * * LOW HITPOINT WARNING * * *
You slash the shock serpent! Your squeeze misses the shock serpent.
The shock serpent is almost dead.
The shock serpent's electric aura discharges, shocking you!
You resist.
* * * LOW HITPOINT WARNING * * *
You constrict the shock serpent.
You kill the shock serpent!
Qazlal accepts your kill.
The air sparks with electricity, shocking you!
You resist.
* * * LOW HITPOINT WARNING * * *
You feel more protected from electricity.
The naga sharpshooter casts a spell.
The naga sharpshooter magically shoots an arrow.
The arrow hits you!!
You die...

#_......._#
###.........###
#⌠...........⌠#
######.8.........8.#
##._........###......
###∩...)....8.# #.8....
##.............###......
#⌠......°°..###...###...
#⌠...○.@..)÷# #.<.# #...
#⌠.....°○.N.###...###...
##.....☼☼§.÷...###......
###∩.....N..8.# #.8....
##∩___......###......
######.8.........8.#
#⌠...........⌠#
###.........###
#_......._#


You could see a naga sharpshooter (curare) and a naga mage (fast).

Vanquished Creatures
  A shock serpent (D)
  A sixfirhy (D)
  2 orange demons (D)
  2 red devils (D)
  3 floating eyes (D)
  Pargi (D)
  A jelly (D)
  5 river rats (D)
  3 quokkas (D)
  2 rats (D)
21 creatures vanquished.

Vanquished Creatures (collateral kills)
  A hellwing (D)
1 creature vanquished.

Grand Total: 22 creatures vanquished

Notes
Turn   | Place    | Note
-------+----------+-------------------------------------------
     0 | D        | BigDaddyOpFi the Octopode Fighter began the quest for the
                  | Orb.
     0 | D        | Reached XP level 1. HP: 16/16 MP: 1/1
     4 | D        | Found an ancient bone altar of Kikubaaqudgha.
     5 | D        | Found a shimmering altar of Xom.
     5 | D        | Round 1.
     6 | D        | Found a glowing silver altar of Zin.
     6 | D        | Found a stormy altar of Qazlal.
     7 | D        | Found a glowing golden altar of the Shining One.
     7 | D        | Found an iron altar of Okawaru.
     7 | D        | Found Dywniopp's Identification Station.
     8 | D        | Found Xiebu's Jewellery.
     8 | D        | Found Zaosa's Advanced Armour.
    16 | D        | Bought an ancient jade ring for 45 gold pieces
    16 | D        | Identified the ring of Uwis {rN+ MP+9 Int+3} (You bought it
                  | in a shop in the Dungeon)
    16 | D        | Bought a faintly glowing amber ring for 45 gold pieces
    16 | D        | Identified the ring "Rogiseim" {Drain rN+ rCorr Dex+5
                  | Stlth+} (You bought it in a shop in the Dungeon)
    16 | D        | Bought a fine brass ring for 45 gold pieces
    16 | D        | Identified the ring of Sezoseun {Contam Str+5 Int+6 SInv}
                  | (You bought it in a shop in the Dungeon)
    16 | D        | Bought a coiled ruby amulet for 45 gold pieces
    16 | D        | Identified the amulet "Ydghunoatz" {Acrobat Int+2} (You
                  | bought it in a shop in the Dungeon)
    19 | D        | Noticed Pargi
    37 | D        | Killed Pargi
    38 | D        | Reached skill level 5 in Fighting
    38 | D        | Reached skill level 5 in Dodging
    38 | D        | Reached skill level 5 in Shields
    38 | D        | Reached XP level 2. HP: 16/24 MP: 2/2
    38 | D        | Reached XP level 3. HP: 19/29 MP: 3/3
    38 | D        | Reached XP level 4. HP: 23/35 MP: 3/4
   102 | D        | Found a sacrificial altar of Ru.
   106 | D        | Became a worshipper of Qazlal Stormbringer
   110 | D        | Found a corrupted altar of Lugonu.
   111 | D        | Found Qeafo's Premium Goods.
   126 | D        | Found Doaned Xufich's Miscellaneous Merchandise.
   126 | D        | Found Heffad's Basic Armour.
   127 | D        | Found a hide-covered altar of Uskayaw.
   127 | D        | Found a shadowy altar of Dithmenos.
   127 | D        | Found an ornate altar of the Wu Jian Council.
   127 | D        | Found Eliel's Weapon Rack.
   131 | D        | Found a shimmering blue altar of Sif Muna.
   132 | D        | Found a snail-covered altar of Cheibriados.
   136 | D        | Reached * piety under Qazlal
   138 | D        | Arena points: 12 (+12) [x2]
   189 | D        | Round 2.
   270 | D        | Found a radiant altar of Vehumet.
   270 | D        | Found an opulent altar of Gozag.
   271 | D        | Found a basalt altar of Yredelemnul.
   271 | D        | Found a burning altar of Makhleb.
   271 | D        | Found Tuhuf's Magic Scroll Shop.
   271 | D        | Found Ylesm's Staff Store.
   272 | D        | Found Gegoetol's Magic Scroll Shop.
   272 | D        | Found Kanwuon's Must-Have Magic.
   275 | D        | Found a bloodstained altar of Trog.
   279 | D        | Found Qaeke's Distillery.
   279 | D        | Found a blossoming altar of Fedhas.
   279 | D        | Found Wahuce's Do-It-Yourself Clinic.
   280 | D        | Found Xatrorah's Distillery.
   280 | D        | Found Ytsyene's Bottled Wisdom.
   334 | D        | Reached ** piety under Qazlal
   339 | D        | Reached skill level 5 in Axes
   339 | D        | Reached XP level 5. HP: 39/39 MP: 5/5
   345 | D        | Arena points: 54 (+42) [x3]
   362 | D        | Bought a scintillating marble ring for 45 gold pieces
   362 | D        | Identified the ring of Happiness {Drain rF+ Dex+4} (You
                  | bought it in a shop in the Dungeon)
   362 | D        | Bought a pitted brass ring for 45 gold pieces
   362 | D        | Identified the ring of the Harvest {rCorr Slay+2} (You
                  | bought it in a shop in the Dungeon)
   384 | D        | Round 3.
   440 | D        | Noticed a red devil
   452 | D        | Killed a red devil
   452 | D        | Reached *** piety under Qazlal
   453 | D        | Reached XP level 6. HP: 39/49 MP: 6/6
   486 | D        | Noticed a red devil
   494 | D        | Killed a red devil
   495 | D        | Reached XP level 7. HP: 56/56 MP: 7/7
   496 | D        | Noticed an orange demon
   505 | D        | Killed an orange demon
   506 | D        | Reached XP level 8. HP: 57/63 MP: 8/8
   507 | D        | Noticed a hellwing
   517 | D        | Noticed a sixfirhy
   517 | D        | Noticed an orange demon
   524 | D        | Killed a sixfirhy
   525 | D        | Reached skill level 10 in Fighting
   525 | D        | Reached skill level 10 in Dodging
   525 | D        | Reached skill level 10 in Shields
   535 | D        | Killed a hellwing
   536 | D        | Reached skill level 10 in Axes
   541 | D        | Killed an orange demon
   541 | D        | Reached **** piety under Qazlal
   541 | D        | Arena points: 138 (+84) [x4]
   542 | D        | Reached XP level 9. HP: 9/71 MP: 11/11
   547 | D        | HP: 3/71 [poisoned by an orange demon]
   579 | D        | Round 4.
   581 | D        | Paralysed by a floating eye for 2 turns
   592 | D        | Paralysed by a floating eye for 4 turns
   596 | D        | Reached ***** piety under Qazlal
   633 | D        | Arena points: 238 (+100) [x5]
   648 | D        | Round 5.
   657 | D        | Bought a heavily runed jade ring for 45 gold pieces
   657 | D        | Identified the ring "Yckik" {Fly rN+} (You bought it in a
                  | shop in the Dungeon)
   657 | D        | Bought a shimmering amber ring for 45 gold pieces
   657 | D        | Identified the ring "Garchy" {rC++ rN+ Str-5 Int+3} (You
                  | bought it in a shop in the Dungeon)
   657 | D        | Bought a shimmering granite ring for 45 gold pieces
   657 | D        | Identified the ring of Truth {rF+ rN+ rCorr Slay+2} (You
                  | bought it in a shop in the Dungeon)
   699 | D        | Noticed a shock serpent
   700 | D        | Noticed a naga sharpshooter
   701 | D        | Noticed a naga mage
   702 | D        | Noticed a naga warlord
   707 | D        | Killed a shock serpent
   707 | D        | Shot with an arrow by a naga sharpshooter

Illustrated notes

Levels and vault maps discovered:
D:        arena_sprint

Skill      XL: |  1  2  3  4  5  6  7  8  9 |
---------------+----------------------------+-----
Fighting       | 5 7 8 9 10 | 10.8
Axes           | 4 5 7 8 10 | 10.5
Dodging        | 5 7 8 9 10 | 10.8
Shields        | 5 7 8 9 10 | 10.8
Invocations    | 3 4 |  4.2

Action                     |  1- 3 |  4- 6 |  7- 9 || total
---------------------------+-------+-------+-------++-------
  Melee: War axe           |     7 |    28 |    26 ||    61
         Punch             |     1 |       |       ||     1
         Constrict         |       |     8 |     7 ||    15
         Tentacles         |       |     5 |     7 ||    12
 Invoke: Elemental Force   |       |       |     1 ||     1
  Evoke: Wand              |       |       |     4 ||     4
    Use: Potion            |     2 |     2 |     2 ||     6
         Scroll            |       |       |     2 ||     2
   Stab: Distracted        |       |     1 |     1 ||     2
 Armour: Skin              |     1 |     1 |       ||     2
  Dodge: Dodged            |    11 |    12 |    27 ||    50
         Repelled          |       |       |     2 ||     2
  Block: Buckler           |     6 |     8 |    18 ||    32

Table legend: (Time is in decaauts)
 A = Elapsed time spent in this place.
 B = Non-inter-level travel time spent in this place.
 C = Inter-level travel time spent in this place.
 D = Time resting spent in this place.
 E = Time spent auto-exploring this place.
 F = Levels seen in this place.
 G = Mean time per level.
                   A        B        C        D        E       F      G
               +--------+--------+--------+--------+--------+-----+--------+
         Total |    726 |    726 |      0 |    357 |     42 |   1 |  726.0 |
       Dungeon |    726 |    726 |      0 |    357 |     42 |   1 |  726.0 |
               +--------+--------+--------+--------+--------+-----+--------+

Top non-repeatable levels by time:
       D: 726 daAuts
